 Dungeon Crawl Stone Soup version 0.28.0 (webtiles) character file.

Game seed: 4815679216302008166

592 AmazingTV the Sneak (level 7, -4/36 HPs)
             Began as a Spriggan Brigand on June 22, 2022.
             Was a Follower of Okawaru.
             Slain by Duvessa (16 damage)
             ... on level 4 of the Dungeon on June 23, 2022.
             The game lasted 00:18:42 (5476 turns).

AmazingTV the Sneak (Spriggan Brigand)              Turns: 5476, Time: 00:18:43

Health: -4/36      AC:  3    Str:  9    XL:     7   Next: 16%
Magic:  8/8        EV: 19    Int: 18    God:    Okawaru [*.....]
Gold:   300        SH:  0    Dex: 17    Spells: 6/6 levels left

rFire   . . .      SeeInvis +   a - +2 dagger (drain)
rCold   . . .      Faith    +   (no shield)
rNeg    . . .      Spirit   .   b - +0 robe
rPois   .          Reflect  .   (helmet restricted)
rElec   .          Harm     .   c - +0 cloak
rCorr   .          Rampage  .   (gloves unavailable)
Will    +....                   (boots unavailable)
Stlth   ++++......              s - amulet of faith
HPRegen 0.12/turn               x - +6 ring of intelligence
MPRegen 0.11/turn               (no ring)

@: very quick
A: very small, no large weapons, unfitting armour, see invisible, speed 3
a: Renounce Religion, Heroism


You were on level 4 of the Dungeon.
You worshipped Okawaru.
Okawaru was aware of your devotion.
You visited 2 branches of the dungeon, and saw 7 of its levels.

You collected 300 gold pieces.

Inventory:

Hand Weapons
 a - a +2 dagger of draining (weapon)
 h - a +2 dagger
Missiles
 d - 20 poisoned darts (quivered)
 e - 2 curare-tipped darts
 f - 384 stones
 j - 17 sling bullets
 k - 30 arrows
 w - 2 throwing nets
Armour
 b - a +0 robe (worn)
 c - a +0 cloak (worn)
Jewellery
 p - a ring of protection from fire
 s - an amulet of faith (around neck)
 t - a ring of protection from cold
 x - a +6 ring of intelligence (left hand)
Wands
 A - a wand of iceblast (4)
Scrolls
 i - 4 scrolls of identify {unknown}
 m - a scroll of fog {unknown}
 o - a scroll of teleportation {unknown}
 q - a scroll of enchant armour {unknown}
 u - a scroll of magic mapping {unknown}
 v - a scroll of blinking {unknown}
 y - a scroll of fear {unknown}
Potions
 g - 2 potions of cancellation {unknown}
 l - a potion of flight {unknown}
 n - a potion of invisibility {unknown}
 r - a potion of might {unknown}
 z - a potion of berserk rage {unknown}


   Skills:
 + Level 3.1 Fighting
 + Level 4.3 Short Blades
 + Level 3.8 Throwing
 + Level 4.6 Dodging
 + Level 7.9 Stealth


You had 6 spell levels left.
You didn't know any spells.
Your spell library was empty.

Dungeon Overview and Level Annotations

Branches:
Dungeon (6/15)             Temple (1/1) D:5

Altars:
Ashenzari
Cheibriados
Fedhas
Gozag
Hepliaklqana
Makhleb
Okawaru
Qazlal
Trog
Uskayaw
Vehumet
Wu Jian
Yredelemnul
The Shining One

Shops:
D:2 (

Annotations:
D:4 Duvessa, Pikel
D:5 Edmund


Innate Abilities, Weirdness & Mutations

You are very small and have problems with some larger weapons.
You are too small for most types of armour.
You have supernaturally acute eyesight. (SInv)
You cover ground extremely quickly. (Speed+++)


Message History

You hit Dowan. You drain Dowan.
Dowan is severely wounded.
Duvessa misses you. Dowan hits you with a +0 dagger.
You hit Dowan. You drain Dowan.
You kill Dowan!
Okawaru accepts your kill.
Duvessa weeps, and shakes her weapon.
Duvessa goes berserk!
Duvessa misses you. x2
You hit Duvessa. You drain Duvessa.
Duvessa is lightly wounded.
Duvessa hits you with a +0 rapier of speed! x2
You are too injured to fight recklessly!
Duvessa rages.
Duvessa rages.
Duvessa rages.
There is an open door here.
You close the door.
You hear a shout!
Duvessa breaks down the door.
There is an open door here.
As you close the door, it creaks loudly!
Duvessa breaks down the door.
Duvessa seems less drained.
You see here an iguana skeleton.
Duvessa rages.
Duvessa rages.
There is a stone staircase leading up here.
You climb upwards.
There is a stone staircase leading down here.
You start resting.
HP restored.
You climb downwards.
Level annotation: Duvessa, Pikel Duvessa hits you with a +0 rapier of speed! x2
Duvessa closely misses you.
There is a stone staircase leading up here.
Duvessa closely misses you.
Duvessa rages.
Duvessa hits you with a +0 rapier of speed!
You die...

...#............'...<..#
...#............#......#
...##########...#......#
............#...#......#
............#...#......#
###.........#...#......#
..#.........#...#......#
..#.........##'##e.....#
..#.............@......#
..#....................#
..#....................#
..#....................#
..#..).................#
..#....................#
..##.........##'########
...#.........#....#
...#.........#....#


You could see Duvessa (berserk).

Vanquished Creatures
  Menkaure (D:4)
  A kobold brigand (D:3)
  Dowan (D:4)
  Jessica (D:3)
  An iguana (D:4)
  8 gnolls (D:3)
  11 adders
  2 worms
  4 dart slugs
  3 orcs
  7 ball pythons
  6 endoplasms
  5 giant cockroaches
  7 goblins
  8 hobgoblins
  2 jackals (D:2)
  5 quokkas
  4 bats
  4 frilled lizards
  48 kobolds
  2 rats (D:2)
131 creatures vanquished.

Notes
Turn   | Place    | Note
-------+----------+-------------------------------------------
     0 | D:1      | AmazingTV the Spriggan Brigand began the quest for the Orb.
     0 | D:1      | Reached XP level 1. HP: 10/10 MP: 2/2
   459 | D:1      | Reached skill level 6 in Stealth
   582 | D:1      | Reached XP level 2. HP: 15/15 MP: 3/3
  1210 | D:1      | Reached XP level 3. HP: 18/18 MP: 4/4
  1816 | D:2      | Reached XP level 4. HP: 23/23 MP: 5/5
  1921 | D:2      | Found Ruzi's Antique Weapon Boutique.
  2376 | D:3      | You fall into a shaft and drop 3 floors!
  2393 | D:6      | Noticed a scorpion
  2409 | D:5      | Entered Level 5 of the Dungeon
  2409 | D:5      | Noticed Edmund
  2411 | D:5      | Found a staircase to the Ecumenical Temple.
  2416 | Temple   | Entered the Ecumenical Temple
  2610 | Temple   | Became a worshipper of Warmaster Okawaru
  2979 | D:4      | Reached XP level 5. HP: 26/26 MP: 6/6
  3017 | D:4      | Noticed Pikel
  3017 | D:4      | Noticed a lemure
  3017 | D:4      | Noticed a lemure
  3017 | D:4      | Noticed a lemure
  3018 | D:4      | Noticed a lemure
  3031 | D:4      | Noticed Dowan
  3032 | D:4      | Noticed Duvessa
  3110 | D:4      | Noticed Menkaure
  3115 | D:4      | Killed Menkaure
  3116 | D:4      | Reached skill level 7 in Stealth
  3116 | D:4      | Reached XP level 6. HP: 32/32 MP: 7/7
  3597 | D:3      | Noticed Jessica
  3601 | D:3      | Killed Jessica
  3663 | D:3      | Reached * piety under Okawaru
  4423 | D:3      | Reached XP level 7. HP: 36/36 MP: 8/8
  5258 | D:4      | Killed Dowan
  5476 | D:4      | Slain by Duvessa

Illustrated notes

Levels and vault maps discovered:
D:1:      dpeg_arrival_snail, layout_rooms, minmay_misc_feat_plants
D:2:      cheibrodos_helix_gallery, layout_basic, serial_shops,
          nicolae_shop_temple_entry_statues_fountains
D:3:      minmay_goblin_kobold_castle, layout_rooms, uniq_jessica
D:4:      layout_gridville, uniq_menkaure, uniq_duvessa, uniq_pikel
D:5:      layout_loops_cross, minmay_temple_entry_wispy, uniq_edmund,
          uniq_grinder, uniq_ijyb
D:6:      layout_gridville
Temple:   nicolae_temple_great_sept

Skill      XL: |  1  2  3  4  5  6 |
---------------+-------------------+-----
Stealth        | 6 7 |  7.9
Dodging        | 2 3 4 |  4.6
Fighting       | 2 3 |  3.1
Short Blades   | 3 4 |  4.3
Throwing       | 3 |  3.8

Action                   |  1- 3 |  4- 6 |  7- 9 || total
-------------------------+-------+-------+-------++-------
Melee: Dagger            |   133 |   224 |    45 ||   402
       Punch             |     1 |     2 |       ||     3
 Stab: Sleeping          |     8 |    22 |     4 ||    34
       Distracted        |     1 |     1 |       ||     2
Armor: Robe              |    13 |    19 |     3 ||    35
Dodge: Dodged            |   103 |   152 |    27 ||   282
